 Dungeon Crawl Stone Soup version 0.28-a0-563-gf77a47075d (webtiles) character file.

Game seed: 8638081634558738638

10325 mg7810 the Cleaver (level 11, 0/82 (83) HPs)
             Began as a Demonspawn Fighter on Sept 29, 2021.
             Slain by a skeletal warrior (14 damage)
             ... on level 11 of the Dungeon.
             The game lasted 00:30:27 (11514 turns).

mg7810 the Cleaver (Demonspawn Fighter)            Turns: 11514, Time: 00:30:29

HP:   0/82 (83)     AC: 14    Str: 20    XL:     11   Next: 34%
MP:   11/11         EV: 11    Int:  9    God:
Gold: 844           SH: 18    Dex: 19    Spells: 10/10 levels left

rFire   . . .      SeeInvis .   a - +1 war axe
rCold   + . .      Faith    .   p - +3 buckler
rNeg    . . .      Spirit   .   l - +4 scale mail "Surhiset" {rPois rC+}
rPois   +          Reflect  +   (helmet unavailable)
rElec   .          Harm     .   (no cloak)
rCorr   .          Rampage  .   e - +0 pair of gloves
Will    .....                   A - +0 pair of boots
Stlth   ..........              G - amulet of reflection
HPRegen 0.23/turn               k - +6 ring of dexterity
MPRegen 0.12/turn               i - +4 ring of slaying

@: lightly drained
A: horns 3, large bone plates 1, foul stench 2, powered by pain 2
a: no special abilities


You were on level 11 of the Dungeon.
You visited 2 branches of the dungeon, and saw 12 of its levels.
You also visited: Ossuary.

You collected 844 gold pieces.

Inventory:

Hand Weapons
 a - a +1 war axe (weapon)
 s - a +1 hand axe of flaming
Missiles
 b - 9 boomerangs
 c - 6 atropa-tipped darts (quivered)
 t - 11 poisoned darts
 C - 2 javelins
Armour
 e - a +0 pair of gloves (worn)
 l - the +4 scale mail "Surhiset" (worn) {rPois rC+}
   (You found it on level 10 of the Dungeon)

   rC:        It protects you from cold.
   rPois:     It protects you from poison.
 p - a +3 buckler (worn)
 A - a +0 pair of boots (worn)
Jewellery
 i - a +4 ring of slaying (right hand)
 k - a +6 ring of dexterity (left hand)
 G - an amulet of reflection (around neck)
Wands
 x - a wand of acid (7)
 D - a wand of flame (19)
Scrolls
 j - 3 scrolls of fear
 u - 4 scrolls of amnesia
 z - a scroll of enchant weapon
 B - 3 scrolls of teleportation
 E - 3 scrolls of identify
Potions
 d - a potion of lignification {unknown}
 f - 2 potions of attraction {unknown}
 g - 3 potions of brilliance
 h - 2 potions of cancellation {unknown}
 m - a potion of resistance {unknown}
 n - 4 potions of haste
 o - 2 potions of mutation {unknown}
 q - 3 potions of heal wounds
 r - 2 potions of invisibility {unknown}
 v - 2 potions of berserk rage {unknown}
 w - 7 potions of curing


   Skills:
 + Level 6.5 Fighting
 + Level 9.2 Axes
 * Level 5.0 Throwing
 + Level 6.4 Armour
 + Level 2.3 Dodging
 + Level 7.2 Shields
 * Level 4.7 Unarmed Combat
 * Level 5.4 Evocations


You had 10 spell levels left.
You didn't know any spells.
Your spell library contained the following spells:

 Spells                   Type           Power      Damage    Failure   Level
 Shock                    Conj/Air       0%         1d3       71%         1
 Slow                     Hex            0%         N/A       85%         2
 Confusing Touch          Hex            0%         N/A       97%         3
 Swiftness                Air            0%         N/A       97%         3
 Airstrike                Air            0%         N/A       100%        4
 Yara's Violent Unravell  Hex/Tmut       0%         3d3       100%        5


Dungeon Overview and Level Annotations

Branches:
Dungeon (11/15)            Temple (1/1) D:7         Ossuary (visited)
   Lair: D:8-11         Orc: D:9-12

Altars:
Ashenzari
Cheibriados
Dithmenos
Elyvilon
Fedhas
Gozag
Hepliaklqana
Kikubaaqudgha
Makhleb
Nemelex Xobeh
Okawaru
Qazlal
Ru
Sif Muna
Trog
Uskayaw
Vehumet
Wu Jian
Xom
Yredelemnul
Zin
The Shining One

Shops:
D:1 *   D:6 *


Innate Abilities, Weirdness & Mutations

You have a pair of large horns on your head.
You are partially covered in large bone plates. (SH +4)
You sometimes emit foul miasma when damaged in melee.
You sometimes gain power by taking damage.


Message History

The bolt of acid hits the skeletal warrior!!
The acid corrodes the skeletal warrior!
The skeletal warrior is moderately damaged.
The bolt of acid hits the skeletal warrior!
The acid corrodes the skeletal warrior!
The skeletal warrior is moderately damaged.
The skeletal warrior hits you with a +0 trident!
The skeletal warrior barely misses you.
You barely miss the skeletal warrior.
Your headbutt misses the skeletal warrior.
The skeletal warrior is moderately damaged.
You block the skeletal warrior's attack. x2
You hit the skeletal warrior but do no damage.
Your headbutt misses the skeletal warrior.
The skeletal warrior is moderately damaged.
You block the skeletal warrior's attack. x2
You slash the skeletal warrior!
The skeletal warrior is heavily damaged.
The skeletal warrior hits you with a +0 trident!!
The skeletal warrior closely misses you.
You hit the skeletal warrior but do no damage.
The skeletal warrior is heavily damaged.
You block the skeletal warrior's attack.
The skeletal warrior hits you from afar with a +0 halberd!
* * * LOW HITPOINT WARNING * * *
The skeletal warrior hits you from afar with a +0 trident!
* * * LOW HITPOINT WARNING * * *
Aiming: Corrosive Bolt
Press: ? - help, Shift-Dir - straight line, f/p - skeletal warrior
Aim: a skeletal warrior, wielding a +0 halberd (moderately damaged, covered in acid, 74% to hit)
The bolt of acid hits the skeletal warrior!!
The skeletal warrior seems to be corroded for longer.
The skeletal warrior is severely damaged.
The bolt of acid hits the skeletal warrior!
The skeletal warrior seems to be corroded for longer.
The skeletal warrior is heavily damaged.
The bolt of acid hits the skeletal warrior!
The skeletal warrior is lightly damaged.
The skeletal warrior hits you from afar with a +0 trident!
You die...

..###..######.......
...##..o####...##...
##.###.W......###...
#.#####BRy.####...#
#...##########.$#.#
###...######z..##.#
#...'...)....# ..#
...###......z####.#
### #......zzz.@.#
#......#######
####+###


You could see 4 skeletal warriors.

Vanquished Creatures
  Erica (D:9)
  4 two-headed ogres
  A skeletal warrior (D:11)
  An unseen horror (D:11)
  Psyche (D:9)
  2 hornets
  Prince Ribbit (D:6)
  8 yaks
  2 steam dragons
  Menkaure (D:7)
  An acid dragon (D:10)
  A water moccasin (D:8)
  Duvessa (D:6)
  A sky beast (D:5)
  A black bear (D:4)
  2 necrophages
  3 ice beasts
  An ogre (D:7)
  3 centaurs
  2 phantoms
  2 bullfrogs
  A scorpion (D:6)
  Dowan (D:6)
  2 wyvern skeletons
  A water moccasin skeleton (D:5)
  4 killer bees
  6 howler monkeys
  12 wights
  5 crimson imps (D:9)
  7 centaur zombies
  A bullfrog zombie (D:5)
  5 hounds
  A bullfrog skeleton (D:6)
  A centaur skeleton (D:5)
  An iguana (D:6)
  3 orc wizards
  A killer bee zombie (D:6)
  8 mummies (Ossuary)
  A howler monkey zombie (D:6)
  A howler monkey skeleton (D:6)
  3 gnolls (D:5)
  11 adders
  3 shadow imps
  5 white imps
  5 worms
  4 dart slugs
  22 orcs
  4 bats
  7 endoplasms
  11 giant cockroaches
  A gnoll zombie (Ossuary)
  8 goblins
  3 hobgoblins (D:1)
  7 jackals
  5 quokkas
  7 ball pythons
  6 frilled lizards
  5 hobgoblin zombies (Ossuary)
  A jackal zombie (D:4)
  3 kobolds
  2 kobold zombies (Ossuary)
  4 rats
229 creatures vanquished.

Vanquished Creatures (others)
  An ufetubus (D:5)
  13 plants (D:10)
14 creatures vanquished.

Grand Total: 243 creatures vanquished

Notes
Turn   | Place    | Note
-------+----------+-------------------------------------------
     0 | D:1      | mg7810 the Demonspawn Fighter began the quest for the Orb.
     0 | D:1      | Reached XP level 1. HP: 18/18 MP: 1/1
    21 | D:1      | Found a faded altar of an unknown god.
   412 | D:1      | Found Odoxab's Assorted Antiques.
   418 | D:1      | Gained mutation: You have a pair of small horns on your
                  | head. [demonic ancestry]
   418 | D:1      | Reached XP level 2. HP: 24/24 MP: 2/2
   742 | D:1      | Reached skill level 2 in Axes
  1179 | D:2      | Gained mutation: You sometimes gain a little power by
                  | taking damage. [demonic ancestry]
  1179 | D:2      | Reached XP level 3. HP: 21/29 MP: 3/3
  1514 | D:2      | Found a basalt altar of Yredelemnul.
  1945 | D:3      | Reached skill level 1 in Evocations
  1945 | D:3      | Gained mutation: You have a pair of horns on your head.
                  | [demonic ancestry]
  1945 | D:3      | Reached XP level 4. HP: 26/35 MP: 4/4
  2139 | D:3      | Reached skill level 1 in Unarmed Combat
  2250 | D:3      | Noticed an ice beast
  2259 | D:3      | Killed an ice beast
  2260 | D:3      | Reached skill level 3 in Axes
  2260 | D:3      | Reached skill level 1 in Throwing
  2260 | D:3      | Gained mutation: You are partially covered in large bone
                  | plates. (SH +4) [demonic ancestry]
  2260 | D:3      | Reached XP level 5. HP: 41/41 MP: 5/5
  2381 | D:3      | Found a sacrificial altar of Ru.
  2712 | D:3      | Gained mutation: You may rarely emit foul miasma when
                  | damaged in melee. [demonic ancestry]
  2712 | D:3      | Reached XP level 6. HP: 44/47 MP: 6/6
  3186 | D:4      | Found a blossoming altar of Fedhas.
  3247 | D:4      | Noticed a two-headed ogre
  3252 | D:4      | Killed a two-headed ogre
  3253 | D:4      | Reached skill level 4 in Axes
  3253 | D:4      | Reached skill level 1 in Dodging
  3253 | D:4      | Gained mutation: You have a pair of large horns on your
                  | head. [demonic ancestry]
  3253 | D:4      | Reached XP level 7. HP: 21/54 MP: 7/7
  3253 | D:4      | Reached XP level 8. HP: 24/60 MP: 8/8
  3294 | D:5      | Entered Level 5 of the Dungeon
  3313 | D:5      | Reached skill level 5 in Axes
  3479 | D:4      | Found a sand-covered staircase.
  3488 | Ossuary  | Entered an ossuary
  4903 | D:5      | Reached skill level 6 in Axes
  5466 | D:5      | Reached skill level 5 in Fighting
  5466 | D:5      | Gained mutation: You sometimes emit foul miasma when
                  | damaged in melee. [demonic ancestry]
  5466 | D:5      | Reached XP level 9. HP: 13/66 MP: 9/9
  5900 | D:6      | Noticed Prince Ribbit
  5918 | D:6      | Killed Prince Ribbit
  5919 | D:6      | Reached skill level 5 in Shields
  6138 | D:6      | Found Iluj's General Store.
  6373 | D:6      | Noticed Duvessa
  6374 | D:6      | Noticed Dowan
  6381 | D:6      | Killed Duvessa
  6382 | D:6      | Reached skill level 5 in Armour
  6389 | D:6      | Killed Dowan
  7197 | D:7      | Found a bloodstained altar of Trog.
  7234 | D:7      | Found a shadowy altar of Dithmenos.
  7235 | D:7      | Found a hazy altar of Hepliaklqana.
  7324 | D:7      | Reached skill level 7 in Axes
  7324 | D:7      | Noticed Menkaure
  7331 | D:7      | Killed Menkaure
  7332 | D:7      | Found an ancient bone altar of Kikubaaqudgha.
  7571 | D:7      | Found a staircase to the Ecumenical Temple.
  7577 | Temple   | Entered the Ecumenical Temple
  7856 | D:8      | Gained mutation: You sometimes gain power by taking damage.
                  | [demonic ancestry]
  7856 | D:8      | Reached XP level 10. HP: 67/76 MP: 10/10
  8148 | D:8      | Noticed a two-headed ogre
  8159 | D:8      | Killed a two-headed ogre
  8160 | D:8      | Reached skill level 8 in Axes
  8562 | D:8      | Found an opulent altar of Gozag.
  8717 | D:8      | Found a snail-covered altar of Cheibriados.
  8962 | D:8      | Found a broken altar of Ashenzari.
  9245 | D:8      | Found a radiant altar of Vehumet.
  9245 | D:8      | Found a sparkling altar of Nemelex Xobeh.
  9332 | D:9      | Found a stormy altar of Qazlal.
  9641 | D:9      | Noticed Psyche
  9644 | D:9      | Killed Psyche
  9767 | D:9      | Noticed Erica
  9776 | D:9      | Killed Erica
 10102 | D:9      | Reached skill level 5 in Evocations
 10107 | D:9      | Reached XP level 11. HP: 66/81 MP: 11/11
 10252 | D:10     | Entered Level 10 of the Dungeon
 10268 | D:10     | Identified the +4 scale mail "Surhiset" {rPois rC+}
 10375 | D:10     | Reached skill level 9 in Axes
 10579 | D:10     | Noticed a two-headed ogre
 10587 | D:10     | Killed a two-headed ogre
 10806 | D:10     | Noticed a two-headed ogre
 10817 | D:10     | Killed a two-headed ogre
 11024 | D:10     | Found a basalt altar of Yredelemnul.
 11447 | D:11     | Noticed a boulder beetle
 11482 | D:11     | Noticed a skeletal warrior
 11495 | D:11     | Killed a skeletal warrior
 11496 | D:11     | Reached skill level 5 in Throwing
 11497 | D:11     | Noticed a skeletal warrior
 11497 | D:11     | Noticed a skeletal warrior
 11498 | D:11     | Noticed a skeletal warrior
 11498 | D:11     | Noticed a skeletal warrior
 11514 | D:11     | Slain by a skeletal warrior

Illustrated notes

Levels and vault maps discovered:
D:1:      minmay_arrival_arboretum_small, layout_loops_ring, serial_shops, shop,
          ebering_ecumenical_altar_mist
D:2:      layout_loops_ring, basic_altar, dk_vineyard_2,
          minmay_worlds_worst_comb
D:3:      layout_basic, overflow_temple_1_default, minmay_quantized
D:4:      minmay_chambers_of_twos, layout_layer_cave, fedhas_altar_4,
          enter_ossuary_3, st_stairs_3
D:5:      layout_cave_pods, portal_sewer_entry_f, minmay_quadrilaterals
D:6:      layout_basic, serial_shops, kennysheep_little_box, uniq_duvessa,
          uniq_prince_ribbit1
D:7:      layout_rooms, riverfiend_overflow_shadow_ancestor,
          mainiacjoe_overflow_catwalk_spiral, minmay_temple_entry_fiery,
          uniq_menkaure
D:8:      layout_basic, kennysheep_slug_shrine, gammafunk_temple_overflow_wave,
          nicolae_gozag_seed_capital, overflow_temple_1_default
D:9:      layout_roguey, nicolae_qazlal_style_of_elements, minmay_nine_imps,
          uniq_psyche, uniq_erica
D:10:     layout_loops_ring, mainiacjoe_overflow_chevrons
D:11:     layout_roguey, david_lair_generic, orc_0_dummy, serial_aquarium,
          aquarium_bridge_square [aquarium_subvault_balcony,
          aquarium_subvault_bridge, aquarium_subvault_balcony,
          aquarium_subvault_bridge], aquarium_window_corner,
          aquarium_window_corner, aquarium_window_2, aquarium_view_2c,
          aquarium_balcony_3a, aquarium_pool_S, minmay_mirror_moons_of_madness,
          uniq_grum
Temple:   nicolae_temple_figure_zero

Skill      XL: |  1  2  3  4  5  6  7  8  9 10 11 |
---------------+----------------------------------+-----
Axes           | 2 3 4 6 7 8 9 |  9.2
Shields        | 3 4 6 7 |  7.2
Armour         | 3 4 5 6 |  6.4
Evocations     | 1 3 5 |  5.4
Unarmed Combat | 1 2 3 4 |  4.7
Throwing       | 1 2 3 4 5 |  5.0
Fighting       | 4 5 6 |  6.5
Dodging        | 1 2 |  2.3

Action                   |  1- 3 |  4- 6 |  7- 9 | 10-12 || total
-------------------------+-------+-------+-------+-------++-------
Melee: War axe           |    98 |    87 |   234 |   161 ||   580
       Headbutt          |    15 |    14 |    68 |    50 ||   147
       Hand axe          |       |     5 |       |       ||     5
Throw: Dart              |       |       |     2 |    13 ||    15
Evoke: Wand              |       |     5 |     4 |    10 ||    19
  Use: Potion            |       |     1 |       |     1 ||     2
       Scroll            |       |     4 |     7 |     4 ||    15
Armor: Scale mail        |    44 |    20 |       |    29 ||    93
       Chain mail        |       |    11 |   108 |    30 ||   149
Dodge: Dodged            |    44 |    36 |    75 |    29 ||   184
Block: Buckler           |    39 |    47 |   193 |   131 ||   410
       Reflection        |       |       |       |     2 ||     2

Table legend: (Time is in decaauts)
 A = Elapsed time spent in this place.
 B = Non-inter-level travel time spent in this place.
 C = Inter-level travel time spent in this place.
 D = Time resting spent in this place.
 E = Time spent auto-exploring this place.
 F = Levels seen in this place.
 G = Mean time per level.
                   A        B        C        D        E       F      G
               +--------+--------+--------+--------+--------+-----+--------+
         Total |  11644 |  11350 |    294 |    243 |   8695 |  13 |  895.7 |
       Dungeon |  11189 |  10895 |    294 |    243 |   8349 |  11 | 1017.2 |
        Temple |    127 |    127 |      0 |      0 |    112 |   1 |  127.0 |
       Ossuary |    326 |    326 |      0 |      0 |    234 |   1 |  326.0 |
               +--------+--------+--------+--------+--------+-----+--------+

Top non-repeatable levels by time:
     D:8: 1595 daAuts
     D:6: 1560 daAuts
     D:5: 1306 daAuts
     D:4: 1151 daAuts
     D:2: 998 daAuts
     D:1: 979 daAuts
     D:3: 977 daAuts
     D:9: 924 daAuts
    D:10: 897 daAuts
     D:7: 433 daAuts
    D:11: 365 daAuts
 Ossuary: 326 daAuts
  Temple: 127 daAuts
